 Dungeon Crawl Stone Soup version 0.18-a0-1396-g8753ca6 (webtiles) character file.

758 Kidiri the Magician (level 7, 0/36 HPs)
             Began as a Deep Elf Fire Elementalist on Feb 23, 2016.
             Killed by divine providence
             ... invoked by an orc priest
              (13 damage)
             ... on level 5 of the Dungeon.
             The game lasted 00:15:51 (5629 turns).

Kidiri the Magician (Deep Elf Fire Elementalist)    Turns: 5629, Time: 00:15:51

Health: 0/36       AC:  7    Str:  5    XL:     7   Next: 50%
Magic:  11/19      EV: 14    Int: 22    God:
Gold:   292        SH:  0    Dex: 15    Spells: 6 memorised, 1 level left

rFire  . . .     SeeInvis .     d - +1 dagger (freeze)
rCold  . . .     Gourm    .     a - +1 robe
rNeg   . . .     Faith    .     (no shield)
rPois  .         Spirit   .     m - +0 helmet
rElec  .         Dismiss  .     (no cloak)
rCorr  .         Reflect  .     s - +0 pair of gloves
SustAt .         Harm     .     h - +1 pair of boots
MR     +....                    (no amulet)
Stlth  +++.......               (no ring)
                                r - ring of protection from magic

@: somewhat resistant to hostile enchantments, fairly stealthy
A: no striking features
a: no special abilities


You were on level 5 of the Dungeon.
You were not hungry.

You visited 1 branch of the dungeon, and saw 5 of its levels.

You collected 292 gold pieces.

Inventory:

Hand Weapons
 d - a +1 dagger of freezing (weapon)
 e - a +0 rapier
Armour
 a - a +1 robe (worn)
 h - a +1 pair of boots (worn)
 m - a +0 helmet (worn)
 s - a +0 pair of gloves (worn)
Jewellery
 r - a ring of protection from magic (left hand)
Wands
 f - a wand of teleportation (4/9)
 k - a wand of digging (7/24)
Scrolls
 i - 2 scrolls of fog
 n - 2 scrolls of remove curse
Potions
 l - 2 potions of might
 v - a potion of curing
Books
 b - a book of Flames

   Spells                             Type                      Level
   a - Flame Tongue                   Conjuration/Fire             1
   b - Throw Flame                    Conjuration/Fire             2
   c - Conjure Flame                  Conjuration/Fire             3
   d - Inner Flame                    Hexes/Fire                   3
   e - Sticky Flame                   Conjuration/Fire             4
   f - Fireball                       Conjuration/Fire             5
Comestibles
 c - 3 bread rations
 g - a meat ration
 j - a beef jerky
 o - 2 chunks of flesh


   Skills:
 + Level 4.1 Dodging
 + Level 4.8 Stealth
 * Level 6.8 Spellcasting
 + Level 3.8 Conjurations
 + Level 3.0 Hexes
 + Level 4.8 Fire Magic


You had one spell level left.
You knew the following spells:

 Your Spells              Type           Power        Failure   Level  Hunger
a - Flame Tongue          Conj/Fire      ####.        1%          1    None
b - Throw Flame           Conj/Fire      ####..       1%          2    None
c - Conjure Flame         Conj/Fire      ####....     4%          3    None
d - Inner Flame           Hex/Fire       ###.....     6%          3    None
e - Sticky Flame          Conj/Fire      ####....     14%         4    ###....
f - Fireball              Conj/Fire      ####......   38%         5    #####..


Dungeon Overview and Level Annotations

Branches:
Dungeon (5/15)
 Temple: D:4-7

Altars:
Gozag
Okawaru
Zin


Message History

The orc priest is lightly wounded.
The orc priest looks braver for a moment.
The orc priest looks braver for a moment.
Casting: Flame Tongue
Confirm with . or Enter, or press ? or * to list all spells.
Aiming: Flame Tongue
Press: ? - help, Shift-Dir - straight line, f - you, p - orc priest That would be overly suicidal.
Okay, then.
Unknown command.
Casting: Flame Tongue
Confirm with . or Enter, or press ? or * to list all spells.
Aiming: Throw Flame
Press: ? - help, Shift-Dir - straight line, f - orc priest
Aim: an orc priest, wielding a hand axe (lightly wounded, inner flame)
The puff of flame hits the orc priest.
The orc priest is moderately wounded.
The orc priest mumbles some strange prayers to Beogh against you.
Beogh smites you!
You die...

# ###.###
##################.......
##...........@...(§o......
#........##########o......
#........### .......
#..........# $..####
####........#.# ...#
............#.# ...#
###(..>.....#.# ...#
............#.# ...#
####........#.#


You could see 2 orc priests.

Vanquished Creatures
  Sigmund (D:2)
  Edmund (D:5)
  A howler monkey (D:4)
  A hound (D:4)
  2 orc wizards
  A giant frog skeleton (D:4)
  Ijyb (D:1)
  3 worker ants
  2 hound skeletons (D:4)
  Robin (D:2)
  9 adders
  3 gnolls (D:4)
  A worm (D:2)
  2 giant geckos
  6 orcs
  3 giant cockroaches
  18 goblins
  7 hobgoblins
  4 jackals
  3 kobolds (D:1)
  3 quokkas
  5 bats
  7 giant newts
  A jackal skeleton (D:4)
  5 rats
  A fungus (D:2)
92 creatures vanquished.

Vanquished Creatures (others)
  A fungus (D:2)
1 creature vanquished.

Grand Total: 93 creatures vanquished

Notes
Turn   | Place    | Note
--------------------------------------------------------------
     0 | D:1      | Kidiri the Deep Elf Fire Elementalist began the quest for the Orb.
     0 | D:1      | Reached XP level 1. HP: 10/10 MP: 6/6
   316 | D:1      | Reached XP level 2. HP: 10/15 MP: 5/8
   321 | D:1      | Learned a level 2 spell: Throw Flame
  1045 | D:2      | Noticed Sigmund
  1314 | D:2      | Found a glowing silver altar of Zin.
  1327 | D:2      | Reached XP level 3. HP: 19/19 MP: 5/10
  1329 | D:2      | Noticed Ijyb
  1420 | D:1      | Killed Ijyb
  1420 | D:1      | Reached skill level 4 in Spellcasting
  1425 | D:1      | Learned a level 3 spell: Conjure Flame
  1429 | D:1      | Learned a level 3 spell: Inner Flame
  1495 | D:2      | Killed Sigmund
  1495 | D:2      | Reached skill level 5 in Spellcasting
  1495 | D:2      | Reached skill level 1 in Hexes
  1495 | D:2      | Reached XP level 4. HP: 24/24 MP: 5/13
  1495 | D:2      | Reached XP level 5. HP: 28/28 MP: 5/14
  1506 | D:2      | Learned a level 4 spell: Sticky Flame
  2035 | D:2      | Noticed Robin
  2093 | D:2      | Killed Robin
  2366 | D:2      | Reached XP level 6. HP: 24/32 MP: 8/16
  4033 | D:4      | Found an iron altar of Okawaru.
  4040 | D:4      | Found an opulent altar of Gozag.
  4244 | D:4      | Reached skill level 6 in Spellcasting
  4279 | D:4      | Reached XP level 7. HP: 36/36 MP: 3/18
  4286 | D:4      | Learned a level 5 spell: Fireball
  5166 | D:5      | Entered Level 5 of the Dungeon
  5448 | D:5      | Noticed Edmund
  5479 | D:5      | Killed Edmund
  5629 | D:5      | Killed from afar by an orc priest

Vault maps used:
D:1:      minmay_arrival_doors, minmay_bisected
D:2:      zin_academy, minmay_gold_behind_fungi, uniq_iyjb, uniq_robin,
          uniq_sigmund
D:3:      first_bread
D:4:      amethyst_overflow_temple_binary
D:5:      kennysheep_generic_room_10, uniq_edmund, uniq_pikel

Skill      XL: |  1  2  3  4  5  6  7 |
---------------+----------------------+-----
Spellcasting   | 5 6 |  6.8
Dodging        | 3 4 |  4.1
Stealth        | 3 4 |  4.8
Conjurations   | 2 3 |  3.8
Hexes          | 1 2 3 |  3.0
Fire Magic     | 4 |  4.8

Action                   |  1- 3 |  4- 6 |  7- 9 || total
-------------------------+-------+-------+-------++-------
Melee: Dagger            |     4 |    29 |     3 ||    36
 Cast: Flame Tongue      |    29 |    76 |    24 ||   129
       Throw Flame       |     8 |    26 |     8 ||    42
       Conjure Flame     |     1 |     4 |     4 ||     9
       Inner Flame       |       |     4 |     3 ||     7
  Use: Scroll            |     7 |     5 |     2 ||    14
       Potion            |       |     1 |     5 ||     6
 Stab: Sleeping          |     2 |     3 |     1 ||     6
  Eat: Bread ration      |     1 |     1 |       ||     2
       Chunk             |       |     1 |     1 ||     2
       Pizza             |       |     1 |       ||     1
       Meat ration       |       |       |     1 ||     1
